AoeStats
← NicoH

Arabia

507870008Analyzed
2v2 RM · 13d ago on Sep 20, 2026· 41m 48s· 4 players
Game mode
Random Map
Map size
Medium (4 player)
Population
200
Speed
Normal
Resources
Standard
Victory
Conquest
Starting age
Dark Age
Ending age
Imperial Age
RankedLock teamsTeams togetherTeam positionsShared explorationLock speedFull tech treeHidden civsTurbo modeCheats
Victory
Defeat
🇦🇷 Huns · Argentina
554
+15
🇦🇷 Bulgarians · Argentina
551
+15
🇲🇽 Britons · Mexico
567
-16
🇦🇷 Franks · Argentina
499
-14
NicoH
11:20 Feudal Age
12:21 Horse Collar
12:27 Double-Bit Axe
13:31 Town Watch
21:12 Fletching
21:23 Padded Archer Armor
22:46 Wheelbarrow
28:48 Castle Age
31:06 Crossbowman
31:41 Pikeman
38:05 Hand Cart
37:51 Town Patrol
jube
2:05 Loom
12:34 Feudal Age
13:04 Double-Bit Axe
13:56 Town Watch
14:47 Wheelbarrow
18:07 Stone Mining
20:09 Gold Mining
23:43 Fletching
23:55 Padded Archer Armor
26:38 Scale Barding Armor
26:44 Forging
31:15 Castle Age
lautarosmg
6:59 Loom
9:43 Feudal Age
21:21 Castle Age
19:41 Scale Mail Armor
20:00 Forging
20:17 Double-Bit Axe
22:53 Wheelbarrow
25:41 Chain Mail Armor
26:51 Hand Cart
27:07 Scale Barding Armor
29:06 Iron Casting
29:45 Town Watch
31:12 Chain Barding Armor
37:18 Imperial Age
35:26 Fletching
35:36 Padded Archer Armor
36:21 Elite Skirmisher
37:30 Bodkin Arrow
37:51 Leather Archer Armor
37:23 Capped Ram
38:58 Siege Ram
41:39 Bracer
42:40 Blast Furnace
42:10 Plate Mail Armor
jjotafigueroa
7:36 Loom
20:46 Feudal Age
21:13 Horse Collar
21:23 Double-Bit Axe
21:39 Town Watch
27:10 Wheelbarrow
27:56 Arson
30:55 Bloodlines
31:51 Gold Mining
31:53 Stone Mining
Connection lost

Rejoining the realm…

Still unreachable

The connection could not be restored.

Session expired

The server has moved on; the page needs a fresh start.